| TOP OF THE 1ST |
|
Elmira Pioneers batting - Pitching for Waterbury Rough Riders : RHP Mathew McArow
|
|
Pitching: RHP Mathew McArow
|
|
|
Batting: RHB Ken Dowell
|
0-0: Foul Ball, location: 2F 0-1: Ball 1-1: Ball 2-1: Ball 3-1: Fly out, F7 (Line Drive, 7D, EV 96.9 MPH)
|
|
Batting: RHB Mark Wasinger
|
0-0: Ball 1-0: Ball 2-0: Swinging Strike 2-1: Ball 3-1: SINGLE (Groundball, 56D, EV 109.4 MPH)
|
|
Batting: RHB Richard Givens
|
0-0: Ball 1-0: Foul Ball, location: 2F 1-1: Called Strike 1-2: Ball 2-2: Fly out, F4 (Flyball, 34D, EV 93.1 MPH)
|
|
Batting: RHB Frank LaBella
|
0-0: Ground out U3 (Groundball, 34, EV 77.5 MPH)
|
| Top of the 1st over - 0 runs, 1 hit, 0 errors, 1 left on base; Elmira 0 - Waterbury 0 |
| BOTTOM OF THE 1ST |
|
Waterbury Rough Riders batting - Pitching for Elmira Pioneers : LHP Ricky Wright
|
|
Pitching: LHP Ricky Wright
|
|
|
Batting: RHB David Corman
|
0-0: Ball 1-0: Called Strike 1-1: Ball 2-1: Foul Ball, location: 2F 2-2: Ball 3-2: Foul Ball, location: 2F 3-2: Base on Balls
|
|
Batting: RHB Daniel Purpura
|
0-0: SINGLE (Groundball, 34D, EV 96.3 MPH) David Corman to second Runner from 2nd tries for 3rd, SAFE, throw by RF made to third
|
|
Batting: RHB Billy Beane
|
0-0: Swinging Strike 0-1: Grounds into double play, 6-4-3 (Groundball, 6, EV 82.5 MPH) David Corman scores
|
|
Batting: RHB john W Russell
|
0-0: SINGLE (Flyball, 7S, EV 96.9 MPH)
|
|
Batting: RHB Junior Ortiz
|
0-0: Called Strike 0-1: DOUBLE (Line Drive, 7D, EV 100.0 MPH) john W Russell to third
|
|
Batting: RHB Gary Skow
|
0-0: Called Strike 0-1: Called Strike 0-2: Foul Ball, location: 2F 0-2: Ball 1-2: Strikes out swinging
|
| Bottom of the 1st over - 1 run, 3 hits, 0 errors, 2 left on base; Elmira 0 - Waterbury 1 |
| TOP OF THE 2ND |
|
Elmira Pioneers batting - Pitching for Waterbury Rough Riders : RHP Mathew McArow
|
|
Batting: RHB Edwin Rodriguez
|
0-0: Ball 1-0: Swinging Strike 1-1: Fly out, F8 (Flyball, 89M, EV 89.4 MPH)
|
|
Batting: SHB Esteban Mendez
|
0-0: Ball 1-0: Ground out U3 (Groundball, 3, EV 107.5 MPH)
|
|
Batting: LHB Juan Flores
|
0-0: Called Strike 0-1: Called Strike 0-2: Ground out 6-3 (Groundball, 6M, EV 100.6 MPH)
|
| Top of the 2nd over - 0 runs, 0 hits, 0 errors, 0 left on base; Elmira 0 - Waterbury 1 |
| BOTTOM OF THE 2ND |
|
Waterbury Rough Riders batting - Pitching for Elmira Pioneers : LHP Ricky Wright
|
|
Batting: RHB Jack Fimple
|
0-0: Fly out, F9 (Flyball, 9LM, EV 89.4 MPH)
|
|
Batting: RHB Jose Quiroz
|
0-0: Called Strike 0-1: Ball 1-1: Fly out, F9 (Flyball, 9D, EV 104.4 MPH)
|
|
Batting: RHB Joseph Pocoroba
|
0-0: Called Strike 0-1: Ball 1-1: Called Strike 1-2: Strikes out looking
|
| Bottom of the 2nd over - 0 runs, 0 hits, 0 errors, 0 left on base; Elmira 0 - Waterbury 1 |
| TOP OF THE 3RD |
|
Elmira Pioneers batting - Pitching for Waterbury Rough Riders : RHP Mathew McArow
|
|
Batting: RHB Greg Keatley
|
0-0: Ball 1-0: Ball 2-0: Ball 3-0: Base on Balls
|
|
Batting: LHB Neil Fiala
|
0-0: Ground out 4-3 (Groundball, 4, EV 83.8 MPH) Greg Keatley to second
|
|
Batting: RHB Ken Dowell
|
0-0: Called Strike 0-1: Fly out, F9 (Line Drive, 9, EV 91.9 MPH)
|
|
Batting: RHB Mark Wasinger
|
0-0: Foul Ball, location: 2F 0-1: Ground out 6-3 (Groundball, 6, EV 105.6 MPH)
|
| Top of the 3rd over - 0 runs, 0 hits, 0 errors, 1 left on base; Elmira 0 - Waterbury 1 |
| BOTTOM OF THE 3RD |
|
Waterbury Rough Riders batting - Pitching for Elmira Pioneers : LHP Ricky Wright
|
|
Batting: RHB David Corman
|
0-0: Foul Ball, location: 2F 0-1: Foul Ball, location: 2F 0-2: Foul Ball, location: 2F 0-2: Strikes out swinging
|
|
Batting: RHB Daniel Purpura
|
0-0: Called Strike 0-1: Ball 1-1: SINGLE (Groundball, 6MD, EV 98.1 MPH)
|
|
Batting: RHB Billy Beane
|
0-0: Fly out, F3 (Popup, 34, EV 58.1 MPH)
|
|
Batting: RHB john W Russell
|
0-0: Ball 1-0: Ball 2-0: TRIPLE (Flyball, 9LD, EV 100.6 MPH) Daniel Purpura scores
|
|
Batting: RHB Junior Ortiz
|
0-0: Ball 1-0: Called Strike 1-1: Foul Ball, location: 2F 1-2: Foul Ball, location: 2F 1-2: Foul Ball, location: 2F 1-2: SINGLE (Line Drive, 4MD, EV 100.0 MPH) john W Russell scores
|
|
Batting: RHB Gary Skow
|
0-0: Ball 1-0: Swinging Strike 1-1: Ball 2-1: Ground out 5-3 (Groundball, 56S, EV 91.9 MPH)
|
| Bottom of the 3rd over - 2 runs, 3 hits, 0 errors, 1 left on base; Elmira 0 - Waterbury 3 |
| TOP OF THE 4TH |
|
Elmira Pioneers batting - Pitching for Waterbury Rough Riders : RHP Mathew McArow
|
|
Batting: RHB Richard Givens
|
0-0: Ball 1-0: Foul Ball, location: 2F 1-1: Ball 2-1: Fly out, F3 (Popup, 3SF, EV 70.6 MPH)
|
|
Batting: RHB Frank LaBella
|
0-0: Ball 1-0: Called Strike 1-1: Called Strike 1-2: Strikes out looking
|
|
Batting: RHB Edwin Rodriguez
|
0-0: Swinging Strike 0-1: Fly out, F8 (Flyball, 8RD, EV 101.3 MPH)
|
| Top of the 4th over - 0 runs, 0 hits, 0 errors, 0 left on base; Elmira 0 - Waterbury 3 |
| BOTTOM OF THE 4TH |
|
Waterbury Rough Riders batting - Pitching for Elmira Pioneers : LHP Ricky Wright
|
|
Batting: RHB Jack Fimple
|
0-0: Foul Ball, location: 2F 0-1: Ball 1-1: Ground out 5-3 (Groundball, 56, EV 90.0 MPH)
|
|
Batting: RHB Jose Quiroz
|
0-0: Called Strike 0-1: Swinging Strike 0-2: Ball 1-2: Strikes out looking
|
|
Batting: RHB Joseph Pocoroba
|
0-0: Called Strike 0-1: Foul Ball, location: 2F 0-2: Fly out, F8 (Flyball, 78D, EV 100.6 MPH)
|
| Bottom of the 4th over - 0 runs, 0 hits, 0 errors, 0 left on base; Elmira 0 - Waterbury 3 |
| TOP OF THE 5TH |
|
Elmira Pioneers batting - Pitching for Waterbury Rough Riders : RHP Mathew McArow
|
|
Batting: SHB Esteban Mendez
|
0-0: Ball 1-0: Ground out U3 (Groundball, 3, EV 100.6 MPH)
|
|
Batting: LHB Juan Flores
|
0-0: Foul Ball, location: 2F 0-1: Ball 1-1: Called Strike 1-2: Ball 2-2: Ground out 5-3 (Groundball, 5, EV 78.8 MPH)
|
|
Batting: RHB Greg Keatley
|
0-0: Called Strike 0-1: Ball 1-1: Fly out, F8 (Flyball, 8RXD, EV 83.1 MPH)
|
| Top of the 5th over - 0 runs, 0 hits, 0 errors, 0 left on base; Elmira 0 - Waterbury 3 |
| BOTTOM OF THE 5TH |
|
Waterbury Rough Riders batting - Pitching for Elmira Pioneers : LHP Ricky Wright
|
|
Batting: RHB David Corman
|
0-0: Called Strike 0-1: Ball 1-1: Ball 2-1: Ball 3-1: Base on Balls
|
|
Batting: RHB Daniel Purpura
|
0-0: Ball 1-0: Ball 2-0: Called Strike 2-1: Swinging Strike 2-2: Ball 3-2: SINGLE (Line Drive, 3, EV 63.8 MPH) (infield hit) David Corman to second
|
|
Batting: RHB Billy Beane
|
0-0: Fielders Choice at 2nd, 5-4 (Groundball, 56S, EV 84.4 MPH) David Corman to third
|
|
Batting: RHB john W Russell
|
0-0: Called Strike 0-1: Ball 1-1: Foul Ball, location: 2F 1-2: Strikes out swinging
|
|
Batting: RHB Junior Ortiz
|
0-0: Ball 1-0: Ball 2-0: Called Strike 2-1: Fielders Choice at 2nd, 6-4 (Groundball, 6, EV 81.3 MPH)
|
| Bottom of the 5th over - 0 runs, 1 hit, 0 errors, 2 left on base; Elmira 0 - Waterbury 3 |
| TOP OF THE 6TH |
|
Elmira Pioneers batting - Pitching for Waterbury Rough Riders : RHP Mathew McArow
|
|
Batting: LHB Neil Fiala
|
0-0: SINGLE (Groundball, 5D, EV 94.4 MPH)
|
|
Batting: RHB Ken Dowell
|
0-0: Called Strike 0-1: Ball 1-1: Called Strike 1-2: Strikes out swinging
|
|
Batting: RHB Mark Wasinger
|
0-0: Ball 1-0: Fly out, F9 (Flyball, 89M, EV 86.9 MPH)
|
|
Batting: RHB Richard Givens
|
0-0: Foul Ball, location: 2F 0-1: Foul Ball, location: 2F 0-2: Ball 1-2: SINGLE (Groundball, 56D, EV 103.1 MPH) Neil Fiala to second
|
|
Batting: RHB Frank LaBella
|
0-0: Called Strike 0-1: Ground out 3-1 (Groundball, 34, EV 81.9 MPH)
|
| Top of the 6th over - 0 runs, 2 hits, 0 errors, 2 left on base; Elmira 0 - Waterbury 3 |
| BOTTOM OF THE 6TH |
|
Waterbury Rough Riders batting - Pitching for Elmira Pioneers : LHP Ricky Wright
|
|
Batting: RHB Gary Skow
|
0-0: Foul Ball, location: 2F 0-1: Foul Ball, location: 2F 0-2: Foul Ball, location: 2F 0-2: Strikes out looking
|
|
Batting: RHB Jack Fimple
|
0-0: Swinging Strike 0-1: Foul Ball, location: 2F 0-2: Strikes out swinging
|
|
Batting: RHB Jose Quiroz
|
0-0: Called Strike 0-1: Ball 1-1: Fly out, F6 (Line Drive, 6, EV 75.0 MPH)
|
| Bottom of the 6th over - 0 runs, 0 hits, 0 errors, 0 left on base; Elmira 0 - Waterbury 3 |
| TOP OF THE 7TH |
|
Elmira Pioneers batting - Pitching for Waterbury Rough Riders : RHP Mathew McArow
|
|
Batting: RHB Edwin Rodriguez
|
0-0: Ball 1-0: Ground out 6-3 (Groundball, 6, EV 83.8 MPH)
|
|
Batting: SHB Esteban Mendez
|
0-0: Ground out 1-3 (Groundball, 13S, EV 71.3 MPH)
|
|
Batting: LHB Juan Flores
|
0-0: Ball 1-0: Ball 2-0: Called Strike 2-1: Fly out, F8 (Flyball, 8RXD, EV 85.6 MPH)
|
| Top of the 7th over - 0 runs, 0 hits, 0 errors, 0 left on base; Elmira 0 - Waterbury 3 |
| BOTTOM OF THE 7TH |
|
Waterbury Rough Riders batting - Pitching for Elmira Pioneers : LHP Ricky Wright
|
|
Batting: RHB Joseph Pocoroba
|
0-0: Ball 1-0: Ball 2-0: Called Strike 2-1: Ball 3-1: Foul Ball, location: 2F 3-2: SINGLE (Line Drive, 9LM, EV 101.9 MPH)
|
|
Batting: RHB David Corman
|
0-0: Ball 1-0: Swinging Strike 1-1: Ball 2-1: Fly out, F6 (Line Drive, 6, EV 66.3 MPH)
|
|
Batting: RHB Daniel Purpura
|
0-0: Ball 1-0: Ball 2-0: Called Strike 2-1: Ball 3-1: Swinging Strike 3-2: SINGLE (Line Drive, 8RS, EV 104.4 MPH) Joseph Pocoroba to second
|
|
Batting: RHB Billy Beane
|
0-0: Ball 1-0: Ball 2-0: Ball 3-0: Base on Balls Joseph Pocoroba to third Daniel Purpura to second
|
|
Batting: RHB john W Russell
|
0-0: Called Strike 0-1: Grounds into fielders choice 3-2 (Groundball, 3, EV 102.5 MPH) Daniel Purpura to third Billy Beane to second
|
|
Batting: RHB Junior Ortiz
|
0-0: Ball 1-0: Fielders Choice at 2nd, 6-4 (Groundball, 56, EV 83.8 MPH)
|
| Bottom of the 7th over - 0 runs, 2 hits, 0 errors, 3 left on base; Elmira 0 - Waterbury 3 |
| TOP OF THE 8TH |
|
Elmira Pioneers batting - Pitching for Waterbury Rough Riders : RHP Mathew McArow
|
|
Batting: RHB Greg Keatley
|
0-0: Fly out, F8 (Flyball, 8RD, EV 84.4 MPH)
|
|
Batting: LHB Neil Fiala
|
0-0: Ball 1-0: Ball 2-0: Foul Ball, location: 2F 2-1: Foul Ball, location: 2F 2-2: Ground out 5-3 (Groundball, 56, EV 103.1 MPH)
|
|
Batting: RHB Ken Dowell
|
0-0: Ball 1-0: Ball 2-0: Ball 3-0: Called Strike 3-1: SINGLE (Line Drive, 9S, EV 100.6 MPH)
|
|
Batting: RHB Mark Wasinger
|
0-0: Foul Ball, location: 2F 0-1: Foul Ball, location: 2F 0-2: Strikes out looking
|
| Top of the 8th over - 0 runs, 1 hit, 0 errors, 1 left on base; Elmira 0 - Waterbury 3 |
| BOTTOM OF THE 8TH |
|
Waterbury Rough Riders batting - Pitching for Elmira Pioneers : LHP Ricky Wright
|
|
Batting: RHB Gary Skow
|
0-0: Ball 1-0: Swinging Strike 1-1: Ball 2-1: SOLO HOME RUN (Flyball, 9LD, EV 107.5 MPH), Distance : 369 ft
|
|
Batting: RHB Jack Fimple
|
0-0: Ball 1-0: Ball 2-0: Fly out, F9 (Flyball, 9S, EV 79.4 MPH)
|
|
Batting: RHB Jose Quiroz
|
0-0: Ball 1-0: Ball 2-0: Ball 3-0: Called Strike 3-1: Called Strike 3-2: SINGLE (Flyball, 4D, EV 91.9 MPH)
|
|
Pitching: RHP Jeffrey Franklin
|
|
|
Batting: RHB Joseph Pocoroba
|
0-0: Ball 1-0: Foul Ball, location: 2F 1-1: Foul Ball, location: 2F 1-2: Foul Ball, location: 2F 1-2: Foul Ball, location: 2F 1-2: 2-RUN HOME RUN (Flyball, 7D, EV 96.3 MPH), Distance : 361 ft
|
|
Batting: RHB David Corman
|
0-0: Ball 1-0: Foul Ball, location: 2F 1-1: Swinging Strike 1-2: Ball 2-2: Foul Ball, location: 2F 2-2: Ground out 5-3 (Groundball, 56, EV 103.8 MPH)
|
|
Batting: RHB Daniel Purpura
|
0-0: Called Strike 0-1: Ball 1-1: Foul Ball, location: 2F 1-2: Ball 2-2: Ball 3-2: Foul Ball, location: 2F 3-2: Base on Balls
|
|
Batting: RHB Billy Beane
|
0-0: Fielders Choice at 2nd, 5-4 (Groundball, 56, EV 101.3 MPH)
|
| Bottom of the 8th over - 3 runs, 3 hits, 0 errors, 1 left on base; Elmira 0 - Waterbury 6 |
| TOP OF THE 9TH |
|
Elmira Pioneers batting - Pitching for Waterbury Rough Riders : RHP Mathew McArow
|
|
Batting: RHB Richard Givens
|
0-0: Ground out 6-3 (Groundball, 56, EV 85.0 MPH)
|
|
Batting: RHB Frank LaBella
|
0-0: Hit by Pitch
|
|
Batting: RHB Edwin Rodriguez
|
0-0: Fly out, F9 (Flyball, 9LM, EV 96.3 MPH)
|
|
Batting: SHB Esteban Mendez
|
0-0: Fly out, F6 (Popup, 6M, EV 62.5 MPH)
|
| Top of the 9th over - 0 runs, 0 hits, 0 errors, 1 left on base; Elmira 0 - Waterbury 6 |
|